 Dungeon Crawl Stone Soup version 0.20.1-1-g8b1a95d (webtiles) character file.

2144 keltmir the Transmogrifier (level 9, -7/79 HPs)
             Began as a Grey Draconian Transmuter on Nov 2, 2017.
             Was a Follower of Makhleb.
             Killed from afar by a killer bee (24 damage)
             ... with an exploding inner flame
             ... hexed by the player character
             ... on level 7 of the Dungeon.
             The game lasted 00:29:19 (6087 turns).

keltmir the Transmogrifier (DrTm)                   Turns: 6087, Time: 00:29:19

Health: -7/79      AC: 12    Str: 15    XL:     9   Next: 9%
Magic:  8/12       EV: 12    Int: 16    God:    Makhleb [*.....]
Gold:   221        SH:  0    Dex: 12    Spells: 3/12 levels left

rFire    . . .     SeeInvis .     - Unarmed
rCold    . . .     Gourm    .   (shield currently unavailable)
rNeg     . . .     Faith    .   (armour unavailable)
rPois    .         Spirit   .   (helmet restricted)
rElec    .         Reflect  .   (no cloak)
rCorr    .         Harm     .   (gloves currently unavailable)
MR       .....                  (no boots)
Stlth    +.........             s - amulet of regeneration
Regen    0.7/turn               u - +3 ring of slaying
MPRegen  0.2/turn               t - +2 ring of strength

@: lethally poisoned (-7 -> -8), blade hands
A: walk through water, unfitting armour, unbreathing, cold-blooded, AC +12
a: End Transformation, Renounce Religion


You were on level 7 of the Dungeon.
You worshipped Makhleb.
Makhleb was aware of your devotion.
You were not hungry.
You had blades for hands.
You visited 2 branches of the dungeon, and saw 9 of its levels.

You collected 221 gold pieces.

Inventory:

Hand Weapons
 C - a +2 quarterstaff of protection
Missiles
 a - 77 arrows
 l - 8 needles of sleeping
 w - 9 tomahawks (quivered)
 A - a throwing net
 H - 9 poisoned needles
Armour
 v - a +0 pair of gloves (melded)
Jewellery
 s - an amulet of regeneration (around neck)
 t - a +2 ring of strength (right scythe-like blade)
 u - a +3 ring of slaying (left scythe-like blade)
Wands
 f - a wand of polymorph (11/24)
 g - a wand of disintegration (9/24)
 y - a wand of digging (8/24)
Scrolls
 m - a scroll of teleportation
 n - a scroll of magic mapping {unknown}
 o - a scroll of recharging {unknown}
 p - 2 scrolls of enchant weapon
 q - a scroll of fog {unknown}
 B - 3 scrolls of remove curse
 E - a scroll of amnesia {unknown}
Potions
 d - a potion of berserk rage
 e - 2 potions of brilliance
 i - a potion of cancellation
 r - a potion of ambrosia {unknown}
 x - a potion of degeneration {unknown}
 z - 2 potions of magic
 D - 2 potions of agility
 F - a potion of flight {unknown}
Books
 b - a book of Changes

   Spells                             Type                      Level
   a - Beastly Appendage              Transmutation                1
   b - Sticks to Snakes               Transmutation                2
   c - Spider Form                    Transmutation/Poison         3
   d - Ice Form                       Ice/Transmutation            4
   e - Blade Hands                    Transmutation                5
 J - a book of Conjurations

   Spells                             Type                      Level
   a - Magic Dart                     Conjuration                  1
   b - Searing Ray                    Conjuration                  2
   c - Dazzling Spray                 Conjuration/Hexes            3
   d - Fulminant Prism                Conjuration/Hexes            4
   e - Force Lance                    Conjuration/Translocation    4
   f - Iskenderun's Mystic Blast      Conjuration                  4
Comestibles
 c - 4 bread rations
 h - 3 meat rations
 G - 3 fruits
 I - a royal jelly
 K - a chunk of flesh


   Skills:
 + Level 7.4 Fighting
   Level 6.4 Short Blades
 - Level 1.7 Dodging
 * Level 3.9 Unarmed Combat
 - Level 2.0 Spellcasting
 + Level 10.8 Transmutations
 + Level 1.2 Evocations


You had 3 spell levels left.
You knew the following spells:

 Your Spells              Type           Power        Failure   Level  Hunger
a - Beastly Appendage     Tmut           #####.       9%          1    #......
b - Spider Form           Tmut/Pois      ###.......   38%         3    ###....
c - Blade Hands           Tmut           #####.....   36%         5    ######.


Dungeon Overview and Level Annotations

Branches:
Dungeon (8/15)             Temple (1/1) D:4
   Lair: D:8-11

Altars:
Ashenzari
Gozag
Hepliaklqana
Kikubaaqudgha
Makhleb
Nemelex Xobeh
Qazlal
Yredelemnul

Annotations:
D:5 2 transporters
D:7 Prince Ribbit
D:8 Pikel


Innate Abilities, Weirdness & Mutations

You can walk through water.
Your dull iron-grey scales are very hard. (AC +12)
You cannot fit into any form of body armour.
You can survive without breathing.
You are cold-blooded and may be slowed by cold attacks.


Message History

It was a potion of curing.
You feel better. The killer bee misses you.
The killer bee closely misses you. x2; Prince Ribbit barely misses you.
The killer bee closely misses you.
You feel better.
Your surroundings seem slightly different.
Prince Ribbit blinks!
The killer bee stings you.
* * * LOW HITPOINT WARNING * * *
You are poisoned.
The killer bee poisons you!
You feel sick. The killer bee barely misses you.
Prince Ribbit blinks!
The killer bee completely misses you.
You feel sick. The killer bee misses you.
You barely miss the killer bee.
The killer bee is lightly wounded.
The killer bee stings you but does no damage.
Prince Ribbit blinks!
The killer bee completely misses you.
You slice the killer bee!!
The killer bee explodes!
The fiery explosion engulfs you!
You die...

..#...#....# #....# ..'...#....#
#....# ..#...#....# #....# .
###.###....# #....# ..
###.#....### #....####... .
#...#....# #........#######.
'...'....# #y§.†.§..#.......
#+###....########§§.>....#.......
.....#####..#...@####....#.......
.....#......#....#..######.......
.....'......#....'............###
.....########....#..##..#####'#..
#######..........#####..#........
#.....#..........+ #..#........
'.....#..........# ###'#........
#.....#..........#. #............
#####+#..........#..#....####'#..


You could see a killer bee (inner flame).

Vanquished Creatures
  Grinder (D:5)
  Sigmund (D:5)
  Edmund (D:5)
  An ice beast (D:6)
  2 orc warriors
  2 phantoms (D:6)
  A sky beast (D:6)
  2 centaurs
  A scorpion (D:6)
  2 killer bees (D:7)
  A crimson imp (D:5)
  A centaur skeleton (D:3)
  2 hounds
  A jelly (D:6)
  An orc priest (D:6)
  An iguana (D:7)
  5 orc wizards
  Ijyb (D:4)
  7 worker ants
  A worker ant zombie (D:6)
  8 adders
  A shadow imp (D:6)
  4 oozes
  2 adder zombies
  3 worms
  3 leopard geckos
  12 orcs
  10 bats
  4 giant cockroaches
  11 goblins
  7 hobgoblins
  16 jackals
  4 quokkas
  A ball python (D:2)
  4 frilled lizards
  A jackal zombie (D:7)
  8 kobolds
  A quokka zombie (D:5)
  5 rats
140 creatures vanquished.

Notes
Turn   | Place    | Note
-------+----------+-------------------------------------------
     0 | D:1      | keltmir the Draconian Transmuter began the quest for the Orb.
     0 | D:1      | Reached XP level 1. HP: 16/16 MP: 3/3
   383 | D:2      | Reached XP level 2. HP: 21/23 MP: 5/5
   581 | D:1      | Reached skill level 3 in Transmutations
   845 | D:1      | Reached XP level 3. HP: 22/28 MP: 4/6
   864 | D:1      | Learned a level 3 spell: Spider Form
  1288 | D:2      | Reached skill level 4 in Transmutations
  1597 | D:2      | Found an opulent altar of Gozag.
  1866 | D:2      | Reached XP level 4. HP: 32/35 MP: 7/7
  1901 | D:2      | Reached skill level 8 in Transmutations
  1901 | D:2      | Reached XP level 5. HP: 52/52 MP: 8/8
  2653 | D:4      | Found a staircase to the Ecumenical Temple.
  2666 | Temple   | Entered the Ecumenical Temple
  2688 | Temple   | Became a worshipper of Makhleb the Destroyer
  2753 | D:3      | Found a sparkling altar of Nemelex Xobeh.
  2934 | D:4      | Noticed Ijyb
  3210 | D:4      | Killed Ijyb
  3210 | D:4      | Reached XP level 6. HP: 45/60 MP: 6/9
  3359 | D:4      | Learned a level 5 spell: Blade Hands
  3371 | D:5      | Entered Level 5 of the Dungeon
  3578 | D:5      | Noticed Sigmund
  3592 | D:5      | Killed Sigmund
  3606 | D:5      | Found a transporter.
  3822 | D:4      | Your scales start taking on a dull iron-grey colour.
  3822 | D:4      | Reached XP level 7. HP: 66/66 MP: 6/10
  3822 | D:4      | Gained mutation: You can survive without breathing. [Grey Draconian growth]
  4021 | D:5      | Noticed Edmund
  4032 | D:5      | Killed Edmund
  4032 | D:5      | Reached skill level 9 in Transmutations
  4052 | D:5      | Found a stormy altar of Qazlal.
  4131 | D:5      | Reached * piety under Makhleb
  4302 | D:5      | Found a transporter.
  4432 | D:6      | Reached skill level 10 in Transmutations
  4432 | D:6      | Reached XP level 8. HP: 65/73 MP: 6/11
  4439 | D:6      | Found a basalt altar of Yredelemnul.
  4827 | D:5      | Noticed Grinder
  4835 | D:5      | Killed Grinder
  5591 | D:6      | Reached skill level 1 in Evocations
  5722 | D:6      | Reached XP level 9. HP: 75/79 MP: 9/12
  6023 | D:8      | Noticed Pikel
  6024 | D:8      | Noticed Prince Ribbit
  6087 | D:7      | Killed from afar by a killer bee

Skill      XL: |  1  2  3  4  5  6  7  8 |
---------------+-------------------------+-----
Transmutations | 3 4 8 10 | 10.8
Fighting       | 7 |  7.4
Short Blades   | 6 |  6.4
Evocations     | 1 |  1.2
Dodging        | |  1.7
Unarmed Combat | |  3.9
Spellcasting   | |  2.0

Action                   |  1- 3 |  4- 6 |  7- 9 || total
-------------------------+-------+-------+-------++-------
Melee: Unarmed           |   178 |   136 |   172 ||   486
       Tailslap          |    11 |     5 |    13 ||    29
       Headbutt          |     3 |       |       ||     3
       Kick              |     9 |       |       ||     9
       Punch             |     1 |       |       ||     1
 Cast: Beastly Appendage |    11 |       |       ||    11
       Spider Form       |       |    15 |    12 ||    27
       Blade Hands       |       |       |    10 ||    10
  Use: Scroll            |     3 |     7 |     3 ||    13
       Potion            |       |     2 |     2 ||     4
 Stab: Distracted        |       |       |     1 ||     1
  Eat: Chunk             |     4 |     8 |     7 ||    19
       Meat ration       |       |       |     1 ||     1
       Fruit             |       |       |     1 ||     1
Armor: Skin              |    72 |    18 |    61 ||   151
Dodge: Dodged            |   172 |    97 |   132 ||   401
